 Dungeon Crawl Stone Soup version 0.30.0-30-g96aa6591b8 (webtiles) character file.

Game seed: 10245028592205084153

1925 Descartes the Blocker (level 9, 0/57 HPs)
             Began as a Formicid Earth Elementalist on June 27, 2023.
             Was an Initiate of Gozag.
             Killed from afar by a steam dragon (14 damage)
             ... with a ball of steam
             ... on level 7 of the Dungeon.
             The game lasted 00:13:24 (6915 turns).

Descartes the Blocker (Formicid Earth Elementalist) Turns: 6915, Time: 00:13:25

Health: 0/57       AC:  5    Str: 18    XL:     9   Next: 40%
Magic:  0/19       EV: 12    Int: 14    God:    Gozag
Gold:   363        SH:  6    Dex: 14    Spells: 16/22 levels left

rFire   . . .        c - +0 dagger
rCold   . . .        w - +0 buckler
rNeg    . . .        a - +0 robe
rPois   .            (helmet unavailable)
rElec   .            (no cloak)
rCorr   .            u - +2 pair of gloves
SInv    +            (no boots)
Will    .....        f - amulet of guardian spirit
Stlth   ++           (no ring)
HPRegen 0.29/turn    (no ring)
MPRegen 0.16/turn

%: guardian spirit
@: no status effects
A: permanent stasis, dig shafts and tunnels, antennae 3, four strong arms
a: Dig, Shaft Self, Renounce Religion, Potion Petition, Call Merchant, Bribe
Branch


You were on level 7 of the Dungeon.
You worshipped Gozag.
Gozag was aware of your devotion.
You visited 2 branches of the dungeon, and saw 8 of its levels.

You collected 459 gold pieces.
You paid 96 gold pieces to Gozag.

Inventory:

Hand Weapons
 c - a +0 dagger (weapon)
Missiles
 x - a throwing net
Armour
 a - a +0 robe (worn)
 u - a +2 pair of gloves (worn)
 w - a +0 buckler (worn)
Jewellery
 f - an amulet of guardian spirit (around neck)
Wands
 r - a wand of flame (54)
Scrolls
 j - 2 scrolls of enchant weapon
 l - 3 scrolls of teleportation
 p - a scroll of silence
 s - 2 scrolls of enchant armour
 t - 2 scrolls of blinking
 v - a scroll of fog
Potions
 b - 3 potions of magic
 e - 7 potions of curing {unknown}
 g - 5 potions of mutation {unknown}
 h - 4 potions of heal wounds
 i - 2 potions of might {unknown}
 k - 3 potions of flight {unknown}
 m - a potion of haste {unknown}
 n - a potion of lignification {unknown}
 o - 3 potions of brilliance {unknown}
 q - 2 potions of ambrosia {unknown}
 z - a potion of attraction {unknown}


   Skills:
 - Level 1.7 Dodging
 - Level 2.4 Stealth
 * Level 8.9 Shields
 + Level 7.0 Spellcasting
 - Level 1.1 Transmutations
 + Level 8.8 Earth Magic


You had 16 spell levels left.
You knew the following spells:

 Your Spells              Type           Power      Damage    Failure   Level
a - Sandblast             Erth           58%        2d13      1%          1
b - Stone Arrow           Conj/Erth      34%        3d9       9%          3
c - Passwall              Tmut/Erth      15%        N/A       3%          2

Your spell library contained the following spells:

 Spells                   Type           Power      Damage    Failure   Level
 Sting                    Tmut/Pois      24%        1d4       14%         1
 Petrify                  Tmut/Erth      18%        N/A       22%         4
 Lesser Beckoning         Tloc           8%         N/A       26%         2
 Poisonous Vapours        Pois/Air       8%         N/A       26%         2
 Gell's Gravitas          Tloc           4%         N/A       45%         3
 Teleport Other           Tloc           4%         N/A       45%         3
 Olgreb's Toxic Radiance  Pois           4%         N/A       86%         4


Dungeon Overview and Level Annotations

Branches:
Dungeon (7/15)             Temple (1/1) D:6

Altars:
Ashenzari
Dithmenos
Elyvilon
Fedhas
Gozag
Hepliaklqana
Makhleb
Nemelex Xobeh
Okawaru
Qazlal
Ru
Sif Muna
Trog
Uskayaw
Vehumet
Wu Jian
Xom
Yredelemnul
Zin

Shops:
D:4 :   D:5 =   D:6 ?:


Innate Abilities, Weirdness & Mutations

You cannot be hasted, slowed, berserked, paralysed or teleported.
You can dig through walls and to a lower floor.
You have a pair of large antennae on your head. (SInv)
Your four strong arms can wield two-handed weapons with a shield.


Message History

The ball of steam hits you.
Casting: Sandblast (safe; 1% risk of failure)
Confirm with . or Enter, or press ? or * to list all spells.
Aiming: Sandblast (safe; 1% risk of failure)
Press: ? - help, Shift-Dir - straight line, f/p - steam dragon
Aim: a steam dragon (moderately wounded, 83% to hit)
Okay, then.
The steam dragon bites you! You block the steam dragon's attack.
Casting: Sandblast (safe; 1% risk of failure)
Confirm with . or Enter, or press ? or * to list all spells.
Aiming: Sandblast (safe; 1% risk of failure)
Press: ? - help, Shift-Dir - straight line, f/p - steam dragon
Aim: a steam dragon (moderately wounded, 83% to hit)
Okay, then.
The steam dragon breathes steam at you. The ball of steam hits you!!
The steam dragon closely misses you. The steam dragon misses you.
Casting: Sandblast (safe; 1% risk of failure)
Confirm with . or Enter, or press ? or * to list all spells.
Aiming: Sandblast (safe; 1% risk of failure)
Press: ? - help, Shift-Dir - straight line, f/p - steam dragon
Aim: a steam dragon (moderately wounded, catching its breath, 83% to hit)
The blast of sand hits the steam dragon!
The steam dragon is severely wounded.
You block the steam dragon's attack. The steam dragon claws you.
* * * LOW HITPOINT WARNING * * *
You feel much better. The steam dragon breathes steam at you.
The ball of steam hits you!! The steam dragon closely misses you.
The steam dragon claws you.
* * * LOW HITPOINT WARNING * * *
You block the steam dragon's attack. The steam dragon claws you.
* * * LOW HITPOINT WARNING * * *
The steam dragon bites you but does no damage.
You block the steam dragon's attack.
Unknown command.
The steam dragon breathes steam at you. The ball of steam hits you!
You die...
Your body crumbles into a pile of gold.

.# #.# . #. ##.##
#.#######...# .#
##..........# #
...####
##..####.....###
.......##..##
##.....## #.....§.#
#....... ###.§D§§##
#......# #.@§§..#
#...####
#..§§#......<...#
#...§.#..........#
.....§.##..........#
##...... ...#####..#
##..... ..## ##..#
#..##. ...?###...#
... .. #........##
#........###


You could see a steam dragon (catching breath).

Vanquished Creatures
  A troll (D:6)
  2 steam dragons
  2 sky beasts
  An ogre (D:5)
  3 phantoms
  A bullfrog (D:6)
  A gnoll sergeant (D:5)
  2 scorpions (D:5)
  2 howler monkeys
  A jelly (D:5)
  4 hounds
  2 orc priests
  A sleepcap (D:5)
  3 iguanas
  4 orc wizards
  5 gnolls
  7 adders
  A white imp (D:6)
  An ufetubus (D:5)
  A worm (D:4)
  4 dart slugs
  19 orcs
  2 ball pythons
  4 endoplasms
  3 giant cockroaches
  9 goblins
  5 hobgoblins
  5 jackals (D:2)
  5 quokkas
  5 bats
  4 frilled lizards
  5 kobolds
  5 rats
120 creatures vanquished.

Notes
Turn   | Place    | Note
-------+----------+-------------------------------------------
     0 | D:1      | Descartes the Formicid Earth Elementalist began the quest
                  | for the Orb.
     0 | D:1      | Reached XP level 1. HP: 13/13 MP: 3/3
     0 | D:1      | Noticed an octopode
     1 | D:1      | Noticed a vine stalker
     7 | D:1      | Noticed an octopode
     8 | D:1      | Noticed a merfolk
    14 | D:1      | Noticed a ghoul
    16 | D:1      | Noticed a spriggan
    16 | D:1      | Noticed an ogre
    16 | D:1      | Noticed an elf
   108 | D:1      | Found a faded altar of an unknown god.
   231 | D:1      | Reached XP level 2. HP: 19/19 MP: 1/5
   583 | D:1      | Reached XP level 3. HP: 15/24 MP: 1/7
  1406 | D:2      | Reached XP level 4. HP: 30/30 MP: 6/8
  2280 | D:3      | Reached skill level 5 in Earth Magic
  2491 | D:3      | Reached XP level 5. HP: 13/35 MP: 0/10
  3216 | D:4      | Noticed a phantom
  3225 | D:4      | Killed a phantom
  3226 | D:4      | Reached XP level 6. HP: 20/41 MP: 1/12
  3745 | D:4      | Found an iron altar of Okawaru.
  3953 | D:4      | Found Oskeaqeq's Tremendous Tomes.
  3965 | D:4      | Learned a level 3 spell: Stone Arrow
  4078 | D:5      | Entered Level 5 of the Dungeon
  4146 | D:5      | HP: 1/41 [scorpion (2)]
  4150 | D:5      | Reached skill level 1 in Shields
  4150 | D:5      | Reached skill level 5 in Spellcasting
  4150 | D:5      | Reached XP level 7. HP: 32/46 MP: 14/14
  4880 | D:5      | Reached XP level 8. HP: 48/52 MP: 10/16
  5033 | D:5      | Reached skill level 5 in Shields
  5293 | D:5      | Found Osisec's Jewellery Shoppe.
  5503 | D:6      | Found a staircase to the Ecumenical Temple.
  5517 | Temple   | Entered the Ecumenical Temple
  5646 | Temple   | Became a worshipper of Gozag Ym Sagoz the Greedy
  5974 | D:6      | Learned a level 2 spell: Passwall
  6199 | D:6      | Found Meotugri's Magic Scroll Emporium.
  6257 | D:6      | Noticed a troll
  6265 | D:6      | Killed a troll
  6266 | D:6      | Reached XP level 9. HP: 36/57 MP: 7/18
  6401 | D:6      | Found a white marble altar of Elyvilon.
  6710 | D:6      | Found Liblu's Book Shoppe.
  6915 | D:7      | Killed from afar by a steam dragon

Illustrated notes

Levels and vault maps discovered:
D:1:      shiori_arrival_whats_in_store_for_you, layout_basic,
          hellmonk_ecumenical_altar_heavens_door, hangedman_decor_push,
          minmay_pentomino_v4
D:2:      layout_loops_corners, minmay_stone_trees_small
D:3:      layout_loops_ring, supply_closet_lemuel, minmay_misc_feat_alley
D:4:      layout_gridville, kennysheep_okawaru_gauntlet,
          nicolae_shop_i_like_big_books
D:5:      layout_rooms, serial_shops, nicolae_shop_statue_plus,
          minmay_quadrilaterals
D:6:      layout_loops_ring, pf_just_have_faith, minmay_temple_entry_large_hall,
          serial_shops, nicolae_book_shop_shelving, shop
D:7:      minmay_thinvault, layout_layer_cave, serial_shops,
          nicolae_shop_waterfront, enter_bailey_6, grunt_ministairs_15,
          minmay_misc_feat_tower
Temple:   minmay_temple_bridge_d

Skill      XL: |  1  2  3  4  5  6  7  8  9 |
---------------+----------------------------+-----
Earth Magic    | 4 5 6 7 8 |  8.8
Spellcasting   | 3 4 5 6 7 |  7.0
Shields        | 1 4 7 8 |  8.9
Dodging        | |  1.7
Stealth        | |  2.4
Transmutations | |  1.1

Action                     |  1- 3 |  4- 6 |  7- 9 || total
---------------------------+-------+-------+-------++-------
  Melee: Dagger            |       |     1 |       ||     1
   Cast: Sandblast         |    33 |    99 |   126 ||   258
    Use: Potion            |       |     3 |     1 ||     4
         Scroll            |       |       |     8 ||     8
 Armour: Robe              |     1 |     6 |    16 ||    23
  Dodge: Dodged            |     7 |    31 |    68 ||   106
  Block: Buckler           |       |       |    16 ||    16
